Map: Ephemeron LE

Players

thermostaat (uThermal) - Winner!

  • Race: Terran Terran
  • Spawn Location: 5:00

Astrea

  • Race: Protoss Protoss
  • League: Grandmaster
  • Spawn Location: 11:00

Event: Cheeseadelphia XI, Cheeseadelphia XI

VOD

Have the link to the VOD?

Description

Time

  • Played on: Dec. 15, 2019, 4:07 p.m.
  • Length: 24:13

All games in this series

Show
View Real Time Build Order
Export as new Build Order

thermostaat Terran - Winner!

Build Orders:  

Get SALT Encoding   

  12  0:02  SCV  
  13  0:14  SCV  
  14  0:18  Supply Depot  
  14  0:26  SCV  
  15  0:39  Barracks  
  15  0:51  Barracks  
  15  0:54  SCV  
  16  1:06  SCV  
  16  1:07  Refinery  
  17  1:18  SCV  
  17  1:30  SCV  
  17  1:41  Marine  
  17  1:43  Orbital Command  
  17  1:59  Marine  
  18  2:05  Marine  
  19  2:11  SCV  
  19  2:12  Supply Depot  
  19  2:14  Bunker  
  20  2:17  Marine  
  21  2:23  SCV, Marine  
  23  2:34  Marine  
  23  2:41  Marine  
  23  2:56  Bunker, SCV  
  23  2:58  Factory  
  22  3:08  SCV  
  23  3:16  Command Center  
  23  3:20  SCV  
  24  3:32  SCV  
  25  3:42  Factory Tech Lab  
  25  3:43  Starport  
  25  3:45  SCV  
  25  3:47  Refinery  
  26  3:57  SCV  
  26  3:59  Supply Depot  
  30  4:02  Siege Tank  
  30  4:09  SCV  
  30  4:21  SCV, Viking  
  33  4:30  Barracks Reactor  
  33  4:31  Orbital Command  
  33  4:37  SCV  
  34  4:45  Siege Tank  
  37  4:49  SCV  
  38  4:56  Bunker  
  38  4:58  Viking  
  40  5:00  SCV  
  40  5:06  Marine x2  
  43  5:14  Barracks  
  43  5:24  Marine x2  
  45  5:30  Siege Tank  
  48  5:41  SCV, Supply Depot  
  48  5:42  Marine x2  
  51  5:50  Engineering Bay  
  51  5:59  Marine  
  51  6:00  Marine  
  51  6:03  Siege Tank  
  56  6:07  Barracks Tech Lab  
  56  6:16  Supply Depot  
  56  6:17  Barracks  
  56  6:21  Missile Turret  
  56  6:22  Orbital Command  
  56  6:23  SCV  
  57  6:25  Marine  
  57  6:28  Marine  
  59  6:33  Marine  
  59  6:36  Stimpack  
  59  6:39  Starport Reactor  
  60  6:43  SCV  
  61  6:48  SCV  
  61  6:52  Missile Turret  
  61  6:53  Marine  
  59  6:54  Marine  
  59  6:58  Siege Tank  
  59  7:00  Marine  
  62  7:03  SCV  
  62  7:05  SCV  
  62  7:08  Marine  
  64  7:10  Marine  
  66  7:15  SCV  
  66  7:17  SCV, Terran Infantry Weapons Level 1, Supply Depot  
  68  7:23  Supply Depot, Marine  
  69  7:34  Marine  
  70  7:38  SCV x2, Medivac, Refinery  
  70  7:40  Supply Depot  
  70  7:42  Marine  
  70  7:44  Marine x2  
  76  7:45  Supply Depot  
  76  7:48  Medivac  
  76  7:50  SCV  
  79  7:56  SCV  
  80  7:59  Marine  
  80  8:02  SCV  
  82  8:08  Medivac  
  82  8:10  SCV  
  84  8:14  Marine  
  84  8:15  SCV, Marine  
  84  8:17  Barracks x2, Marine  
  86  8:23  Combat Shield  
  86  8:24  Supply Depot  
  84  8:27  Marine  
  84  8:31  SCV  
  84  8:32  Supply Depot, Marine  
  87  8:34  Marine  
  87  8:38  Medivac  
  90  8:42  Marine  
  90  8:47  Medivac, Marine  
  88  8:50  Marine  
  88  8:52  Marine  
  88  8:55  SCV  
  91  9:00  Marine  
  84  9:05  SCV, Marine  
  84  9:08  SCV, Marine  
  82  9:13  Marine  
  82  9:14  Marine  
  81  9:21  Medivac  
  81  9:23  Marine  
  84  9:27  SCV  
  84  9:28  Marine  
  86  9:36  Marine x4  
  86  9:38  SCV  
  78  9:44  Siege Tank  
  81  9:50  Marine x2  
  80  9:53  Marine  
  80  10:02  Marine  
  80  10:03  Marine  
  80  10:04  SCV  
  80  10:06  Marine  
  81  10:08  SCV, Marine  
  81  10:09  Terran Infantry Armor Level 1  
  81  10:12  Marine x2  
  85  10:16  SCV  
  85  10:20  Marine  
  85  10:21  Marine  
  86  10:24  Marine  
  86  10:25  Marine  
  88  10:29  Marine  
  88  10:30  Marine  
  88  10:33  SCV  
  92  10:38  Marine  
  92  10:39  Marine  
  92  10:42  Marine  
  94  10:43  Marine  
  94  10:47  Marine  
  96  10:50  Siege Tank  
  96  10:51  Marine  
  96  10:55  Marine  
  96  10:56  Marine  
  101  11:00  Marine  
  101  11:01  Marine  
  101  11:02  Command Center  
  104  11:05  Marine  
  104  11:08  Marine  
  104  11:10  Supply Depot  
  106  11:12  SCV  
  106  11:13  Marine  
  106  11:14  Marine  
  106  11:18  Marine  
  110  11:19  Marine  
  110  11:23  Marine  
  112  11:26  Marine  
  112  11:29  Supply Depot  
  112  11:31  Marine  
  112  11:32  Marine  
  115  11:37  Marine  
  115  11:38  Siege Tank  
  120  11:41  Marine  
  120  11:43  Marine  
  120  11:44  Missile Turret  
  120  11:45  Marine  
  122  11:49  Marine  
  122  11:50  Marine  
  124  11:54  Marine  
  124  11:59  Marine  
  124  12:01  Marine  
  127  12:03  Marine  
  127  12:07  Marine  
  127  12:08  Marine  
  130  12:12  Marine  
  129  12:16  Marine  
  129  12:19  SCV x2, Marine  
  129  12:21  Marine  
  130  12:25  Marine  
  130  12:26  Siege Tank, Marine  
  135  12:30  Marine  
  135  12:34  Marine  
  135  12:36  Marine  
  138  12:39  Marine  
  139  12:51  Marine  
  122  12:55  Orbital Command, SCV x2  
  122  12:56  Marine x2  
  122  12:57  Marine x3  
  121  13:08  Liberator  
  121  13:09  Marine  
  120  13:13  Marine  
  120  13:14  Marine x2  
  120  13:16  Marine  
  120  13:17  Marine  
  120  13:19  SCV x2  
  123  13:26  Marine  
  125  13:31  Marine  
  114  13:35  Marine  
  114  13:39  Marine x2  
  114  13:40  Marine  
  108  13:41  SCV  
  108  13:44  Marine  
  109  13:49  Marine  
  109  13:53  Marine  
  109  13:54  SCV  
  109  13:55  SCV  
  110  13:57  Marine x2  
  110  13:58  Marine  
  110  14:02  Marine  
  114  14:04  Siege Tank  
  114  14:05  SCV  
  114  14:06  SCV  
  114  14:07  Marine  
  116  14:11  Marine  
  116  14:15  Marine x2  
  116  14:16  Marine  
  108  14:20  Marine  
  108  14:21  SCV  
  108  14:22  SCV  
  105  14:25  SCV, Marine  
  105  14:29  Marine  
  108  14:32  Marine  
  108  14:33  Marine x2  
  108  14:34  SCV  
  108  14:38  Marine  
  113  14:42  Missile Turret, Medivac, Marine  
  116  14:47  Marine  
  116  14:50  Refinery, Marine x2  
  116  14:51  Marine, Refinery  
  120  14:55  Marine  
  121  15:00  Marine  
  121  15:04  Marine  
  121  15:06  Medivac  
  125  15:08  Marine x2  
  125  15:09  Marine  
  125  15:13  Marine  
  129  15:15  Refinery  
  129  15:18  Marine  
  130  15:22  Marine  
  130  15:24  Liberator  
  130  15:26  Liberator, Marine x2  
  130  15:27  Marine  
  134  15:31  Marine  
  132  15:36  Marine  
  132  15:40  Marine  
  137  15:44  Marine x2  
  137  15:45  Marine  
  137  15:49  Marine  
  144  15:54  Marine  
  145  15:57  Siege Tank  
  145  15:58  Marine  
  149  16:06  Supply Depot  
  149  16:10  Liberator x2  
  149  16:17  Supply Depot  
  149  16:27  Marine x2  
  149  16:28  Marine x4  
  149  16:29  Siege Tank  
  149  16:32  Supply Depot  
  164  16:33  Supply Depot  
  164  16:37  Command Center  
  164  16:45  Marine x6  
  170  16:53  Liberator x2, Factory  
  170  16:55  Missile Turret  
  170  16:57  Sensor Tower  
  170  17:02  Siege Tank, Marine x2  
  170  17:03  Marine x2  
  167  17:12  Marine  
  174  17:16  Marine  
  174  17:20  Marine  
  174  17:21  Marine x2  
  178  17:28  Marine  
  179  17:34  Siege Tank  
  179  17:35  Liberator x2  
  179  17:36  Marine x2  
  184  17:38  Factory Tech Lab, Marine  
  184  17:39  Marine x2  
  187  17:46  Marine  
  194  18:05  Marine  
  195  18:06  Siege Tank  
  195  18:08  Marine  
  195  18:10  Marine  
  199  18:22  Marine  
  199  18:23  Marine  
  195  18:33  Marine  
  188  18:37  Supply Depot  
  188  18:39  Orbital Command, Marine  
  176  18:59  Marine x5  
  181  19:09  Marine  
  181  19:11  Siege Tank, Medivac x2  
  181  19:16  Marine x4  
  181  19:17  Marine  
  172  19:27  Marine  
  173  19:32  Sensor Tower  
  173  19:34  Marine x4  
  173  19:35  Marine  
  178  19:43  Siege Tank  
  181  19:49  Supply Depot  
  181  19:53  Liberator  
  181  19:57  Liberator  
  181  20:07  Marine  
  181  20:10  Marine x3  
  187  20:15  Siege Tank  
  187  20:17  Marine  
  179  20:30  Marine  
  179  20:31  Marine  
  179  20:32  Marine  
  176  20:36  Liberator  
  176  20:38  Orbital Command  
  167  20:43  Marine x2  
  167  20:48  Siege Tank  
  154  20:58  Marine  
  151  21:30  Marine  
  135  21:34  Orbital Command  
  135  21:38  Marine  
  133  21:49  Marine x2  
  133  21:50  Marine  
  136  22:13  Missile Turret  
  136  22:32  Missile Turret  
  135  22:38  Sensor Tower  
  131  22:45  SCV  
  131  23:00  Marine  
  131  23:01  Marine  
  131  23:03  Marine  
  131  23:05  Liberator  
  125  23:06  Marine  
  125  23:16  Marine x2  
  121  23:24  Marine  
  125  23:33  Marine  
  129  23:35  Marine  
  130  23:42  Marine  
  130  23:43  Marine  
  125  23:49  Marine  
  125  23:54  Marine  
Show
View Real Time Build Order
Export as new Build Order

Astrea Protoss 

Build Orders:  

Get SALT Encoding   

  12  0:00  Probe  
  13  0:12  Probe  
  14  0:17  Pylon  
  14  0:24  Probe (Chrono Boost)  
  15  0:37  Probe (Chrono Boost), Gateway  
  16  0:44  Probe (Chrono Boost)  
  16  0:47  Assimilator  
  17  0:51  Probe  
  18  1:03  Probe  
  19  1:15  Probe  
  20  1:27  Probe  
  20  1:29  Cybernetics Core  
  21  1:39  Probe  
  22  1:46  Nexus  
  22  1:58  Pylon  
  22  2:02  Stalker (Chrono Boost)  
  23  2:16  Probe  
  23  2:19  Assimilator  
  24  2:25  Stalker (Chrono Boost)  
  24  2:28  Probe  
  26  2:41  Probe  
  25  2:46  Stalker (Chrono Boost)  
  25  2:53  Probe  
  25  2:58  Warp Gate (Chrono Boost)  
  26  2:59  Gateway  
  26  3:00  Gateway  
  26  3:04  Pylon  
  26  3:08  Probe  
  27  3:15  Gateway  
  27  3:20  Probe  
  27  3:21  Robotics Facility  
  27  3:26  Stalker  
  30  3:32  Probe  
  31  3:44  Probe  
  32  3:48  Pylon  
  32  3:50  Stalker x2  
  36  3:56  Probe  
  36  3:57  Stalker  
  39  4:07  Warp Prism (Chrono Boost)  
  41  4:13  Probe  
  42  4:19  Pylon  
  42  4:25  Probe  
  43  4:35  Observer  
  43  4:37  Probe  
  45  4:49  Nexus  
  45  4:53  Probe  
  46  5:05  Probe  
  47  5:21  Probe (Chrono Boost)  
  48  5:24  Immortal  
  52  5:29  Pylon  
  52  5:31  Probe (Chrono Boost)  
  53  5:36  Probe (Chrono Boost)  
  54  5:47  Probe  
  55  5:51  Sentry  
  55  5:54  Forge, Twilight Council  
  57  5:59  Probe  
  57  6:03  Probe  
  59  6:11  Probe  
  59  6:15  Probe  
  61  6:22  Assimilator  
  61  6:25  Probe (Chrono Boost), Protoss Ground Armor Level 1 (Chrono Boost)  
  62  6:26  Assimilator  
  62  6:27  Probe (Chrono Boost)  
  63  6:32  Charge  
  63  6:35  Templar Archives  
  63  6:37  Observer  
  63  6:39  Probe (Chrono Boost)  
  65  6:41  Probe (Chrono Boost)  
  65  6:44  Probe (Chrono Boost)  
  66  6:48  Probe  
  66  6:53  Probe  
  68  6:58  Observer  
  68  7:00  Probe  
  69  7:05  Probe  
  70  7:10  Gateway  
  70  7:11  Nexus  
  70  7:12  Probe, Gateway x2  
  71  7:17  Gateway  
  71  7:18  Probe  
  71  7:19  Psionic Storm  
  72  7:24  Probe  
  72  7:25  Gateway  
  72  7:28  Pylon  
  73  7:32  High Templar x2  
  73  7:34  Observer, Probe  
  78  7:41  Pylon  
  78  7:46  Probe  
  78  7:48  Immortal (Chrono Boost)  
  78  7:50  High Templar  
  85  8:05  Stalker x2  
  87  8:10  Zealot  
  85  8:20  Pylon  
  85  8:21  Pylon x2  
  85  8:34  Assimilator  
  85  8:35  Assimilator  
  85  8:39  Zealot x2  
  85  8:40  Zealot  
  91  8:54  Pylon x2  
  89  8:56  Zealot x2  
  89  8:57  Zealot  
  85  9:03  Zealot x5  
  85  9:08  Zealot  
  93  9:14  Zealot  
  89  9:22  Zealot  
  89  9:24  Zealot x3  
  91  9:42  Warp Prism, Archon  
  91  9:47  Zealot x4  
  91  9:51  High Templar  
  91  9:52  High Templar  
  101  9:56  Archon  
  85  10:07  High Templar x2  
  85  10:08  Zealot x3  
  95  10:17  Observer  
  95  10:31  Zealot x3  
  101  10:41  Cybernetics Core  
  101  10:44  Pylon x2  
  101  10:48  Nexus  
  93  10:54  High Templar x2  
  93  10:55  Zealot x2  
  97  11:00  Pylon  
  97  11:03  High Templar, Zealot  
  101  11:13  Protoss Ground Armor Level 2 (Chrono Boost)  
  99  11:26  Probe x2  
  101  11:33  High Templar  
  101  11:36  Zealot  
  101  11:38  Probe x2  
  107  11:40  Immortal (Chrono Boost)  
  111  11:47  Assimilator  
  111  11:50  Probe  
  111  11:51  Probe  
  113  12:02  Probe x2  
  113  12:04  Zealot x6  
  124  12:10  Probe  
  124  12:13  Zealot  
  123  12:29  Stalker x2, Blink (Chrono Boost), Zealot x2  
  125  12:38  Probe x3  
  126  12:45  Zealot x3  
  114  12:57  Zealot x3  
  119  13:07  Zealot x3  
  123  13:19  Zealot x4  
  131  13:31  Zealot x2  
  131  13:32  Zealot  
  123  13:37  Warp Prism (Chrono Boost)  
  123  13:39  Zealot x4  
  115  13:44  Probe x2  
  115  13:45  Assimilator  
  117  13:54  Zealot x3  
  121  14:04  Zealot x3  
  111  14:19  Protoss Ground Armor Level 3 (Chrono Boost)  
  111  14:23  Zealot x4  
  118  14:31  Probe x3  
  118  14:38  Warp Prism (Chrono Boost)  
  122  14:43  Probe x2  
  122  14:44  Probe  
  125  14:52  Stalker  
  127  14:53  Stalker, Nexus  
  127  14:55  Pylon, High Templar  
  127  14:57  High Templar  
  133  15:03  Probe x2  
  133  15:04  Probe  
  136  15:11  Stalker  
  136  15:12  Stalker  
  140  15:19  Stalker  
  140  15:20  Stalker  
  144  15:27  Observer (Chrono Boost), Probe  
  144  15:28  Probe x2  
  148  15:33  Pylon  
  144  15:35  Pylon  
  144  15:40  Zealot x2  
  144  15:43  Probe x3  
  147  15:59  Forge  
  147  16:03  Probe  
  143  16:04  Stalker x3  
  149  16:12  Observer  
  149  16:14  Probe x3 (Chrono Boost)  
  149  16:15  Probe (Chrono Boost)  
  149  16:18  Assimilator  
  153  16:22  Assimilator  
  155  16:28  Probe (Chrono Boost)  
  155  16:29  High Templar x3  
  155  16:30  High Templar  
  163  16:33  High Templar x2  
  163  16:34  High Templar  
  163  16:38  Immortal  
  173  16:42  Protoss Ground Weapons Level 1 (Chrono Boost)  
  173  16:43  Archon  
  173  16:44  Protoss Shields Level 1 (Chrono Boost)  
  173  16:47  Gateway  
  173  16:50  Gateway  
  168  17:15  High Templar x5  
  172  17:16  High Templar  
  172  17:20  Pylon x2  
  172  17:21  Pylon  
  172  17:22  Archon x2  
  179  17:23  Archon  
  179  17:38  Immortal  
  179  17:43  Gateway  
  183  17:48  Nexus  
  183  17:56  Robotics Bay  
  183  17:58  Robotics Facility  
  183  18:01  Pylon  
  183  18:02  Zealot x8  
  175  18:30  Stalker x5  
  179  18:36  Archon  
  169  18:46  Zealot x2  
  145  19:15  Colossus  
  132  19:19  High Templar  
  100  20:22  Observer  
  91  20:55  High Templar x2  
  91  20:56  High Templar  
  90  21:17  Archon  
  73  23:03  Observer  
Tags
 
Add a new tag
Caveats
  • Supply blocks, unpowered buildings, or Contaminate may cause inaccurate times.
  • Supply counts are checked every 10 seconds.